Map: Dusk Towers

Players

ugilad - Winner!

  • Race: Zerg Zerg
  • League: Silver
  • Spawn Location: 1:00

Fropez

  • Race: Protoss Protoss
  • League: Silver
  • Spawn Location: 7:00

VOD

Have the link to the VOD?

Description

Time

  • Played on: June 20, 2016, 5:34 p.m.
  • Length: 11:40
Show
View Real Time Build Order
Export as new Build Order

ugilad Zerg - Winner!

Build Orders: Pool First 

Get SALT Encoding   

  12  0:01  Drone  
  13  0:08  Drone  
  14  0:17  Overlord  
  14  0:34  Spawning Pool  
  13  0:37  Drone  
  13  0:41  Drone  
  15  0:45  Drone  
  15  0:49  Extractor  
  15  0:51  Drone  
  16  1:03  Drone  
  17  1:10  Drone  
  18  1:21  Queen  
  18  1:22  Zergling x2  
  21  1:32  Zergling x2  
  22  1:43  Overlord  
  22  1:55  Hatchery  
  22  1:57  Zergling x2  
  22  2:10  Zergling x2  
  22  2:15  Zergling x2  
  24  2:20  Metabolic Boost  
  24  2:35  Zergling x2  
  24  2:36  Zergling x2  
  26  2:37  Hatchery  
  25  2:49  Zergling x2  
  25  2:50  Zergling x4  
  28  3:08  Queen  
  28  3:11  Drone x2  
  27  3:38  Drone x5  
  29  3:54  Spore Crawler  
  27  3:56  Drone x3  
  30  4:04  Drone x2  
  31  4:21  Drone x4  
  35  4:35  Spore Crawler  
  34  4:41  Drone  
  34  4:42  Drone x4  
  39  4:53  Drone x3  
  39  4:56  Overlord  
  42  5:06  Overlord x2  
  42  5:15  Drone x4  
  42  5:16  Drone  
  47  5:22  Lair  
  47  5:36  Drone  
  47  5:37  Drone x6  
  47  5:38  Zergling x4  
  56  5:43  Extractor  
  56  5:46  Spore Crawler  
  54  5:51  Drone  
  54  5:52  Drone x5  
  60  6:02  Spore Crawler  
  59  6:19  Overlord x3  
  59  6:26  Hydralisk Den  
  59  6:30  Zergling x2  
  59  6:31  Zergling x14  
  66  6:37  Pneumatized Carapace  
  66  6:47  Evolution Chamber, Drone x3  
  66  6:48  Evolution Chamber, Drone x3  
  66  6:51  Queen  
  66  6:52  Overseer  
  72  6:56  Hydralisk x3  
  78  7:04  Extractor  
  78  7:06  Extractor  
  76  7:16  Hydralisk x3  
  76  7:17  Hydralisk x4  
  76  7:19  Overlord  
  90  7:26  Muscular Augments  
  90  7:27  Spore Crawler x2  
  88  7:42  Hydralisk  
  88  7:43  Hydralisk  
  92  7:44  Zergling x2  
  92  7:45  Zergling x10  
  98  8:01  Overlord x2  
  98  8:02  Overlord x2  
  98  8:05  Overseer  
  83  8:28  Hydralisk x3  
  83  8:29  Hydralisk x5  
  99  8:43  Extractor x2  
  99  8:45  Spine Crawler  
  96  8:48  Spine Crawler  
  96  8:49  Hydralisk  
  96  8:50  Hydralisk x3  
  96  8:52  Spore Crawler  
  96  8:53  Zergling x6  
  96  8:54  Drone x4  
  109  9:02  Zerg Missile Weapons Level 1  
  109  9:14  Zerg Ground Armor Level 1  
  109  9:26  Hydralisk x4  
  109  9:29  Zergling x10  
  122  9:38  Lurker Den  
  122  9:41  Zergling x4  
  122  9:42  Zergling x4  
  126  9:55  Drone  
  126  9:56  Drone x3  
  126  9:58  Overlord x2  
  130  10:12  Overlord x3  
  131  10:21  Drone x4  
  131  10:22  Drone x2  
  131  10:23  Drone  
Show
View Real Time Build Order
Export as new Build Order

Fropez Protoss 

Build Orders:  

Get SALT Encoding   

  12  0:02  Probe (Chrono Boost)  
  13  0:15  Pylon  
  13  0:18  Probe (Chrono Boost)  
  14  0:33  Gateway  
  14  0:37  Probe (Chrono Boost)  
  14  0:41  Assimilator  
  15  0:48  Probe (Chrono Boost)  
  16  0:58  Probe (Chrono Boost)  
  17  1:06  Pylon  
  18  1:18  Gateway  
  18  1:24  Cybernetics Core  
  17  1:29  Probe (Chrono Boost)  
  18  1:43  Pylon  
  18  1:44  Probe (Chrono Boost)  
  19  1:53  Assimilator  
  19  1:55  Probe (Chrono Boost)  
  20  2:06  Adept  
  22  2:10  Adept  
  22  2:14  Pylon  
  25  2:17  Warp Gate (Chrono Boost)  
  25  2:18  Probe (Chrono Boost)  
  25  2:33  Adept  
  27  2:37  Adept  
  27  2:40  Pylon  
  29  2:46  Pylon  
  28  2:52  Probe (Chrono Boost)  
  29  3:03  Probe (Chrono Boost)  
  29  3:05  Adept x2  
  26  4:00  Twilight Council  
  26  4:02  Gateway  
  26  4:03  Gateway  
  26  4:04  Pylon, Mothership Core  
  24  4:23  Pylon, Gateway  
  24  4:25  Probe  
  24  4:28  Pylon  
  25  4:31  Adept  
  25  4:32  Adept  
  25  4:37  Probe  
  30  4:53  Gateway  
  30  5:02  Resonating Glaives (Chrono Boost)  
  30  5:11  Probe  
  31  5:17  Adept x2  
  35  5:23  Probe  
  35  5:28  Gateway  
  36  5:46  Nexus  
  36  5:49  Probe  
  37  6:10  Probe  
  38  6:27  Probe  
  38  6:28  Forge  
  38  6:41  Adept x6  
  50  6:53  Probe  
  51  7:05  Probe  
  51  7:06  Protoss Ground Weapons Level 1 (Chrono Boost)  
  52  7:12  Adept  
  52  7:13  Adept x2  
  58  7:16  Adept  
  58  7:22  Probe  
  60  7:23  Probe  
  60  7:29  Pylon  
  62  7:31  Assimilator  
  62  7:33  Probe  
  62  7:36  Assimilator  
  63  7:38  Probe  
  62  8:16  Adept x4  
  62  8:17  Adept x2  
  62  8:18  Adept  
  60  8:21  Probe  
  60  8:22  Probe  
  52  8:32  Probe  
  52  8:34  Robotics Facility  
  53  8:55  Adept x2  
  55  8:56  Adept x4  
  55  8:58  Adept  
  67  9:05  Probe  
  68  9:10  Protoss Ground Weapons Level 2 (Chrono Boost)  
  68  9:34  Nexus  
  68  9:39  Pylon  
  68  9:51  Forge  
  66  9:53  Probe  
  66  9:54  Probe  
  68  10:05  Gateway  
  68  10:07  Probe x2  
  68  10:12  Observer  
  71  10:30  Pylon  
  71  10:34  Adept  
  70  10:45  Adept x3  
  68  11:02  Adept x3  
  40  11:36  Adept x4  
Tags
 
Matchup
PvZ
Opening
Pool First
Replay Pack
All Mines
Spawn Locations
Cross Positions
Add a new tag
Caveats
  • Supply blocks, unpowered buildings, or Contaminate may cause inaccurate times.
  • Supply counts are checked every 10 seconds.